% Time on Ice - SALEM BLACK JAYS
Lines # - Real PCT - Wanted PCT - Time Play
Normal Forward
1 - 33% - 33% - 16:12
2 - 32% - 32% - 16:08
3 - 24% - 25% - 12:06
4 - 11% - 10% - 5:19
Normal Defense
1 - 32% - 36% - 15:59
2 - 33% - 31% - 16:32
3 - 31% - 23% - 15:11
4 - 4% - 10% - 2:03
PP Forward
1 - 52% - 55% - 1:02
2 - 48% - 45% - 0:57
PP Defense
1 - 52% - 55% - 1:02
2 - 48% - 45% - 0:57
PK Forward
1 - 57% - 55% - 3:22
2 - 43% - 45% - 2:35
PK Defense
1 - 41% - 55% - 2:26
2 - 59% - 45% - 3:31
PK3 Forward
1 - 0% - 55%
2 - 0% - 45%
PK3 Defense
1 - 0% - 55%
2 - 0% - 45%
44 Forward
1 - 59% - 55% - 1:10
2 - 41% - 45% - 0:49
44 Defense
1 - 59% - 55% - 1:10
2 - 41% - 45% - 0:49
Last Minute Offensive  - 0:20
Last Minute Defensive  - 0:00
Total
Forward - 60:00
Defense - 60:00
% Time on Ice - BANFF WOLVES
Lines # - Real PCT - Wanted PCT - Time Play
Normal Forward
1 - 38% - 40% - 18:48
2 - 27% - 28% - 13:14
3 - 25% - 25% - 12:30
4 - 11% - 7% - 5:23
Normal Defense
1 - 36% - 36% - 18:06
2 - 33% - 34% - 16:15
3 - 31% - 28% - 15:34
4 - 0% - 2% - 0:00
PP Forward
1 - 49% - 55% - 2:56
2 - 51% - 45% - 3:01
PP Defense
1 - 44% - 52% - 2:36
2 - 56% - 48% - 3:21
PK Forward
1 - 66% - 55% - 1:18
2 - 34% - 45% - 0:41
PK Defense
1 - 55% - 55% - 1:06
2 - 45% - 45% - 0:53
PK3 Forward
1 - 0% - 55%
2 - 0% - 45%
PK3 Defense
1 - 0% - 55%
2 - 0% - 45%
44 Forward
1 - 65% - 55% - 1:17
2 - 35% - 45% - 0:42
44 Defense
1 - 44% - 59% - 0:52
2 - 56% - 41% - 1:07
Last Minute Offensive  - 0:00
Last Minute Defensive  - 0:10
Total
Forward - 60:00
Defense - 60:00
Play-by-Play 1st period 0:01 of 1st period - Roope Hintz wins face-off versus Mathew Barzal in neutral zone. 0:19 of 1st period - Minor Penalty to Mitchell Marner for High sticking. 0:20 of 1st period - Sean Couturier wins face-off versus Brian Boyle in SALEM BLACK JAYS zone. 1:33 of 1st period - Icing by Dougie Hamilton. 1:34 of 1st period - Jakub Voracek wins face-off versus Theodor Blueger in BANFF WOLVES zone. 2:20 of 1st period - Off-side. 2:21 of 1st period - Philipp Kurashev wins face-off versus Mathew Barzal in neutral zone. 2:58 of 1st period - Shot by Mikko Rantanen. 2:58 of 1st period - Stopped by John Gibson without a rebound. 2:59 of 1st period - Sean Couturier wins face-off versus Dylan Cozens in BANFF WOLVES zone. 2:59 of 1st period - Sean Couturier is hit by Dylan Cozens. 3:16 of 1st period - Icing by Daniel Sprong. 3:17 of 1st period - Roope Hintz wins face-off versus Dylan Cozens in SALEM BLACK JAYS zone. 3:22 of 1st period - Shot by Alex Tuch. 3:22 of 1st period - Shot Misses the Net. 3:24 of 1st period - Shot by Roope Hintz. 3:24 of 1st period - Stopped by Juuse Saros without a rebound. 3:25 of 1st period - Dylan Larkin wins face-off versus Roope Hintz in SALEM BLACK JAYS zone. 3:27 of 1st period - Icing by Martin Necas. 3:28 of 1st period - Dylan Larkin wins face-off versus Roope Hintz in SALEM BLACK JAYS zone. 3:28 of 1st period - Dylan Larkin is hit by Brady Tkachuk. 3:46 of 1st period - Shot by Evgeny Dadonov. 3:46 of 1st period - Shot Misses the Net. 3:54 of 1st period - Shot by Brady Tkachuk. 3:54 of 1st period - Shot Misses the Net. 3:56 of 1st period - Shot by Alex Tuch. 3:56 of 1st period - Goal by Alex Tuch - SALEM BLACK JAYS : 0 - BANFF WOLVES : 1. 3:57 of 1st period - Sean Couturier wins face-off versus Theodor Blueger in neutral zone. 4:40 of 1st period - Icing by Miro Heiskanen. 4:41 of 1st period - Jakub Voracek wins face-off versus Dylan Larkin in BANFF WOLVES zone. 4:47 of 1st period - Off-side. 4:48 of 1st period - Roope Hintz wins face-off versus Dylan Larkin in neutral zone. 5:15 of 1st period - Shot by Brady Tkachuk. 5:15 of 1st period - Stopped by Juuse Saros without a rebound. 5:16 of 1st period - Mathew Barzal wins face-off versus Philipp Kurashev in SALEM BLACK JAYS zone. 5:35 of 1st period - Shot by Alex Galchenyuk. 5:35 of 1st period - Stopped by Juuse Saros without a rebound. 5:36 of 1st period - Roope Hintz wins face-off versus Martin Necas in SALEM BLACK JAYS zone. 6:01 of 1st period - Shot by Roope Hintz. 6:01 of 1st period - Stopped by Juuse Saros without a rebound. 6:02 of 1st period - Theodor Blueger wins face-off versus Sean Couturier in SALEM BLACK JAYS zone. 6:42 of 1st period - Joshua Morrissey is hit by Jakub Voracek and loses puck. 7:31 of 1st period - Shot by Roope Hintz. 7:31 of 1st period - Deflect By Alex Tuch. 7:31 of 1st period - Shot Misses the Net. 7:33 of 1st period - Shot by Alex Tuch. 7:33 of 1st period - Shot Misses the Net. 8:05 of 1st period - Icing by Scott Mayfield. 8:06 of 1st period - Mathew Barzal wins face-off versus Logan O'Connor in SALEM BLACK JAYS zone. 8:22 of 1st period - Dougie Hamilton is hit by Michael Del Zotto and loses puck. 8:33 of 1st period - Icing by Logan O'Connor. 8:34 of 1st period - Dylan Cozens wins face-off versus Dryden Hunt in BANFF WOLVES zone. 9:06 of 1st period - Shot by Daniel Sprong. 9:06 of 1st period - Shot Blocked by Dougie Hamilton. 9:26 of 1st period - Off-side. 9:27 of 1st period - Brady Tkachuk wins face-off versus Dylan Larkin in neutral zone. 9:38 of 1st period - Shot by Alex Tuch. 9:38 of 1st period - Stopped by Juuse Saros without a rebound. 9:39 of 1st period - Theodor Blueger wins face-off versus Philipp Kurashev in SALEM BLACK JAYS zone. 10:25 of 1st period - Off-side. 10:26 of 1st period - Dylan Larkin wins face-off versus Roope Hintz in neutral zone. 10:41 of 1st period - Shot by Brady Tkachuk. 10:41 of 1st period - Shot Misses the Net. 10:52 of 1st period - Shot by Roope Hintz. 10:52 of 1st period - Shot Blocked by Martin Necas. 10:58 of 1st period - Shot by Brady Tkachuk. 10:58 of 1st period - Shot Blocked by Evgeny Dadonov. 11:00 of 1st period - Shot by Esa Lindell. 11:00 of 1st period - Stopped by Juuse Saros without a rebound. 11:01 of 1st period - Sean Couturier wins face-off versus Mathew Barzal in SALEM BLACK JAYS zone. 11:15 of 1st period - Minor Penalty to Dougie Hamilton for Hooking. 11:16 of 1st period - Dylan Larkin wins face-off versus Sean Couturier in BANFF WOLVES zone. 11:45 of 1st period - Shot by Dylan Larkin. 11:45 of 1st period - Deflect By Mikko Rantanen. 11:45 of 1st period - Shot Misses the Net. 12:00 of 1st period - Mikko Rantanen is hit by Esa Lindell and loses puck. 12:37 of 1st period - Roope Hintz is hit by Evgeny Dadonov and loses puck. 12:46 of 1st period - Shot by Mathew Barzal. 12:46 of 1st period - Stopped by John Gibson without a rebound. 12:47 of 1st period - Dylan Larkin wins face-off versus Sean Couturier in BANFF WOLVES zone. 12:58 of 1st period - Shot by Mikko Rantanen. 12:58 of 1st period - Stopped by John Gibson without a rebound. 12:59 of 1st period - Roope Hintz wins face-off versus Evgeny Dadonov in BANFF WOLVES zone. 13:27 of 1st period - Off-side. 13:28 of 1st period - Joe Snively wins face-off versus Mathew Barzal in neutral zone. 13:31 of 1st period - Scott Mayfield is hit by Dryden Hunt and loses puck. 13:47 of 1st period - Icing by Scott Mayfield. 13:48 of 1st period - Mathew Barzal wins face-off versus Roope Hintz in SALEM BLACK JAYS zone. 13:59 of 1st period - Shot by Mathew Barzal. 13:59 of 1st period - Shot Blocked by Alex Tuch. 14:25 of 1st period - Shot by Roope Hintz. 14:25 of 1st period - Stopped by Juuse Saros with a rebound. 14:27 of 1st period - Shot by Alex Tuch. 14:27 of 1st period - Stopped by Juuse Saros without a rebound. 14:28 of 1st period - Sean Couturier wins face-off versus Dylan Larkin in SALEM BLACK JAYS zone. 15:00 of 1st period - Icing by Miro Heiskanen. 15:01 of 1st period - Sean Couturier wins face-off versus Theodor Blueger in BANFF WOLVES zone. 15:03 of 1st period - Icing by Jakub Voracek. 15:04 of 1st period - Theodor Blueger wins face-off versus Nick Cousins in BANFF WOLVES zone. 15:11 of 1st period - Shot by Theodor Blueger. 15:11 of 1st period - Deflect By Troy Terry. 15:11 of 1st period - Stopped by John Gibson without a rebound. 15:12 of 1st period - Dylan Larkin wins face-off versus Roope Hintz in BANFF WOLVES zone. 15:17 of 1st period - Shot by Evgeny Dadonov. 15:17 of 1st period - Shot Misses the Net. 15:19 of 1st period - Shot by Cody Ceci. 15:19 of 1st period - Shot Misses the Net. 15:21 of 1st period - Shot by Cody Ceci. 15:21 of 1st period - Shot Blocked by Alexander Romanov. 15:23 of 1st period - Shot by Evgeny Dadonov. 15:23 of 1st period - Shot Misses the Net. 15:53 of 1st period - Dylan Larkin is hit by Alexander Romanov. 16:20 of 1st period - Icing by Alex Galchenyuk. 16:21 of 1st period - Mathew Barzal wins face-off versus Philipp Kurashev in BANFF WOLVES zone. 16:22 of 1st period - Shot by Mikko Rantanen. 16:22 of 1st period - Shot Blocked by Miro Heiskanen. 16:28 of 1st period - Shot by Mitchell Marner. 16:28 of 1st period - Deflect By Mikko Rantanen. 16:28 of 1st period - Stopped by John Gibson without a rebound. 16:29 of 1st period - Sean Couturier wins face-off versus Mathew Barzal in BANFF WOLVES zone. 17:48 of 1st period - Roope Hintz is hit by Nick Jensen. 18:18 of 1st period - Shot by Dawson Mercer. 18:18 of 1st period - Stopped by Juuse Saros without a rebound. 18:19 of 1st period - Dylan Larkin wins face-off versus Philipp Kurashev in SALEM BLACK JAYS zone. 18:27 of 1st period - Shot by Dylan Larkin. 18:27 of 1st period - Stopped by John Gibson without a rebound. 18:28 of 1st period - Dylan Larkin wins face-off versus Philipp Kurashev in BANFF WOLVES zone. 18:33 of 1st period - Shot by Martin Necas. 18:33 of 1st period - Shot Misses the Net. 18:35 of 1st period -